 Dungeon Crawl Stone Soup version 0.19-a0-459-gb8ed64d (webtiles) character file.

275 Delvonshi the Shield-Bearer (level 6, 0/53 HPs)
             Began as a Minotaur Fighter on June 2, 2016.
             Succumbed to an adder's poison
             ... on level 4 of the Dungeon.
             The game lasted 00:05:47 (2384 turns).

Delvonshi the Shield-Bearer (Minotaur Fighter)      Turns: 2384, Time: 00:05:48

Health: 0/53       AC:  7    Str: 22    XL:     6   Next: 3%
Magic:  5/5        EV:  6    Int:  5    God:
Gold:   142        SH: 10    Dex: 10    Spells: 0 memorised, 5 levels left

rFire  . . .     SeeInvis .     a - +0 flail
rCold  . . .     Gourm    .     b - +0 scale mail
rNeg   . . .     Faith    .     c - +0 shield
rPois  .         Spirit   .     (helmet restricted)
rElec  .         Dismiss  .     (no cloak)
rCorr  .         Reflect  .     (no gloves)
SustAt .         Harm     .     (no boots)
MR     .....                    (no amulet)
Stlth  ..........               (no ring)
                                (no ring)

@: lethally poisoned (0 -> -3), constricted, not resistant to hostile
enchantments, extremely unstealthy
A: retaliatory headbutt, horns 2
a: no special abilities


You were on level 4 of the Dungeon.
You were not hungry.

You visited 1 branch of the dungeon, and saw 4 of its levels.

You collected 142 gold pieces.

Inventory:

Hand Weapons
 a - a +0 flail (weapon)
Armour
 b - a +0 scale mail (worn)
 c - a +0 shield (worn)
Scrolls
 g - 3 scrolls of teleportation {unknown}
 i - 2 scrolls of identify {unknown}
 k - a scroll of noise {unknown}
 n - a scroll of remove curse {unknown}
 p - a scroll of fog {unknown}
 s - a scroll of enchant weapon {unknown}
 t - 2 scrolls of blinking {unknown}
Potions
 d - a potion of might
 e - a potion of lignification {unknown}
 h - 2 potions of magic {unknown}
 l - a potion of degeneration {unknown}
 m - a potion of heal wounds {unknown}
 o - a potion of curing {unknown}
Comestibles
 f - a bread ration
 j - 2 royal jellies
 r - a meat ration


   Skills:
 + Level 4.4 Fighting
 + Level 3.9 Maces & Flails
 + Level 4.7 Armour
 + Level 2.3 Dodging
 + Level 5.5 Shields


You had 5 spell levels left.
You didn't know any spells.

Dungeon Overview and Level Annotations

Branches:
Dungeon (4/15)
 Temple: D:4-7

Altars:
Uskayaw


Innate Abilities, Weirdness & Mutations

You reflexively headbutt those who attack you in melee.
You have a pair of horns on your head.


Message History

* * * LOW HITPOINT WARNING * * *
The ball python bites you but does no damage.
The ball python constricts you.
You barely miss the orc priest.
You headbutt the orc priest, but do no damage.
The orc priest is severely wounded.
The adder bites you but does no damage.
The orc priest calls down the wrath of Beogh upon you.
Pain shoots through your body!
* * * LOW HITPOINT WARNING * * *
You block the ball python's attack. The ball python constricts you.
The ogre hits you with a giant club.
* * * LOW HITPOINT WARNING * * *
The orc hits you but does no damage. The adder bites you.
* * * LOW HITPOINT WARNING * * *
You are lethally poisoned!
The adder poisons you!
You barely miss the orc priest.
The orc priest is severely wounded.
You die...

.. .# ##.# #..
.o. # #o# #.. #.
#o###....
##.#####@o......
#......SOS#.###.
............###
.......<.%.....
...?......####.#
......?..## #
..........
.>..>....##
........##


You could see an ogre, an orc priest, an adder, 3 orcs and a ball python.

Vanquished Creatures
  An orc wizard (D:3)
  Jessica (D:3)
  Terence (D:3)
  2 worker ants (D:3)
  2 gnolls (D:3)
  2 adders (D:2)
  2 oozes (D:3)
  2 worms
  2 dart slugs
  A giant gecko (D:2)
  2 orcs (D:3)
  A giant cockroach (D:2)
  8 goblins
  13 hobgoblins
  12 jackals
  A quokka (D:2)
  4 ball pythons (D:2)
  10 bats
  9 giant newts
  8 kobolds
  9 rats
93 creatures vanquished.

Notes
Turn   | Place    | Note
--------------------------------------------------------------
     0 | D:1      | Delvonshi the Minotaur Fighter began the quest for the Orb.
     0 | D:1      | Reached XP level 1. HP: 19/19 MP: 0/0
   117 | D:1      | Reached skill level 4 in Shields
   118 | D:1      | Reached XP level 2. HP: 15/27 MP: 1/1
   678 | D:2      | Reached XP level 3. HP: 33/33 MP: 2/2
   772 | D:2      | Reached skill level 1 in Dodging
  1264 | D:2      | Found a hide-covered altar of Uskayaw.
  1389 | D:2      | Reached XP level 4. HP: 40/40 MP: 3/3
  1786 | D:3      | Noticed Jessica
  1799 | D:3      | Killed Jessica
  1881 | D:3      | Reached skill level 5 in Shields
  1881 | D:3      | Reached XP level 5. HP: 46/46 MP: 4/4
  1972 | D:3      | Noticed Terence
  1981 | D:3      | Killed Terence
  2205 | D:3      | Reached XP level 6. HP: 53/53 MP: 5/5
  2383 | D:4      | HP: 1/53 [adder (3)]
  2384 | D:4      | Succumbed to an adder's poison

Vault maps used:
D:1:      grunt_arrival_lava_bath
D:2:      lemuel_round_altar, minmay_shallow_snake_nest
D:3:      minmay_cut_off, uniq_terence, uniq_jessica
D:4:      minitemple, serial_shops, shop

Skill      XL: |  1  2  3  4  5 |
---------------+----------------+-----
Shields        | 4 5 |  5.5
Armour         | 4 |  4.7
Dodging        | 1 2 |  2.3
Fighting       | 4 |  4.4
Maces & Flails | 3 |  3.9

Action                   |  1- 3 |  4- 6 || total
-------------------------+-------+-------++-------
Melee: Flail             |   125 |   127 ||   252
       Headbutt          |    18 |    21 ||    39
  Eat: Chunk             |     2 |     3 ||     5
Armor: Scale mail        |    43 |    66 ||   109
Dodge: Dodged            |    57 |    54 ||   111
Block: Shield            |    82 |    90 ||   172
